 Dungeon Sprint DCSS version 0.21-a0-127-g329daca (webtiles) character file.

76393 Heofaku the Demonic Blade (level 15, -13/139 HPs)
             Began as a Demonspawn Fighter on July 16, 2017.
             Was the Champion of Makhleb.
             Mangled by Jory
             ... wielding a +1 great sword of draining
              (16 damage)
             ... in the Dungeon (Sprint IX: "|||||||||||||||||||||||||||||").
             The game lasted 00:09:06 (4159 turns).

Heofaku the Demonic Blade (Demonspawn Fighter)      Turns: 4159, Time: 00:09:06

Health: -13/139    AC: 31    Str: 26    XL:     15   Next: 12%
Magic:  0/25       EV: 10    Int: 10    God:    Makhleb [******]
Gold:   1200       SH: 22    Dex: 21    Spells: 14/14 levels left

rFire    + + .     SeeInvis +   o - +2 scimitar (flame)
rCold    + . .     Gourm    .   c - +0 shield
rNeg     . . .     Faith    .   A - +10 plate armour "Zorph" {*Slow MR+ Str+3 Slay+5}
rPois    +         Spirit   +   y - +1 hat {SInv}
rElec    .         Reflect  .   r - +0 cloak of Ethics {rF+ MR+ Dex+4 Stlth+}
rCorr    .         Harm     .   D - +1 pair of gloves
MR       +++..     NoTele   +   (no boots)
Stlth    ..........             I - amulet of regeneration
HPRegen  0.73/turn              B - ring of protection from cold
MPRegen  0.38/turn              C - ring of poison resistance

@: mighty, slowed, heavily drained, very slow
A: horns 2, large bone plates 2, fire resistance 1, magic shield, magic
regeneration
a: Minor Destruction, Lesser Servant of Makhleb, Major Destruction, Greater
Servant of Makhleb, Renounce Religion


You were in the Dungeon.
You worshipped Makhleb.
Makhleb was exalted by your worship.
You were very hungry.

You visited 1 branch You collected 1900 gold pieces.
You spent 700 gold pieces at shops.

Inventory:

Hand Weapons
 o - a +2 scimitar of flaming (weapon)
Armour
 c - a +0 shield (worn)
 r - the +0 cloak of Ethics (worn) {rF+ MR+ Dex+4 Stlth+}
   (You found it in the Dungeon)

   It affects your dexterity (+4).
   It protects you from fire.
   It affects your resistance to hostile enchantments.
   It makes you more stealthy.
 y - a +1 hat of see invisible (worn)
 A - the +10 plate armour "Zorph" (worn) {*Slow MR+ Str+3 Slay+5}
   (You bought it in a shop in the Dungeon)

   It affects your strength (+3).
   It affects your accuracy and damage with ranged weapons and melee attacks
   (+5).
   It affects your resistance to hostile enchantments.
   It may slow you when you take damage.
 D - a +1 pair of gloves (worn)
Jewellery
 B - a ring of protection from cold (left hand)
 C - a ring of poison resistance (right hand)
 I - an amulet of regeneration (around neck)
Wands
 n - a wand of acid (7/15)
Scrolls
 k - 4 scrolls of blinking
 l - 5 scrolls of remove curse
 m - 3 scrolls of amnesia
 q - a scroll of recharging
 u - 4 scrolls of enchant weapon
 v - 5 scrolls of fog
 w - 2 scrolls of fear
 x - 2 scrolls of identify
Potions
 a - a potion of brilliance
 d - a potion of might
 e - 7 potions of curing
 g - 7 potions of heal wounds
 h - 3 potions of haste
 i - 4 potions of magic
 j - a potion of invisibility
 p - a potion of resistance
 E - a potion of agility
 F - 5 potions of berserk rage
 G - a potion of mutation {unknown}
Comestibles
 b - 13 meat rations
 f - 12 bread rations
 z - 40 fruits


   Skills:
 + Level 19.0(17.2) Fighting
 * Level 23.4(21.5) Long Blades
 + Level 15.2(13.6) Armour
 + Level 4.5(3.3) Dodging
 + Level 18.6(16.8) Shields
 + Level 13.3(11.8) Invocations


You had 14 spell levels left.
You didn't know any spells.

Dungeon Overview and Level Annotations

Branches:
Dungeon (1/1)

Altars:
Cheibriados
Dithmenos
Elyvilon
Fedhas
Gozag
Hepliaklqana
Kikubaaqudgha
Makhleb
Nemelex Xobeh
Okawaru
Qazlal
Ru
Sif Muna
Trog
Uskayaw
Vehumet
Wu Jian
Xom
Yredelemnul
Zin
The Shining One
Beogh
Jiyva
Lugonu

Shops:
D (}[}

Annotations:
D Jory


Innate Abilities, Weirdness & Mutations

You have a pair of horns on your head.
You are mostly covered in large bone plates. (SH +6)
Your flesh is heat resistant. (rF+)
When hurt, damage is shared between your health and your magic reserves.
You regenerate magic rapidly.


Message History

You block Jory's attack. x2
You feel much better. Jory casts a spell at you. The crystal spear hits you!
* * * LOW HITPOINT WARNING * * *
You block Jory's attack. Jory bites you but does no damage.
You hear a roar! x2
You feel much better.
You hear a roar!
You hear a deafening roar!
You hear a roar!
You hear a deafening roar!
Jory completely misses you. Jory bites you but does no damage.
You hit Jory but do no damage. You headbutt Jory, but do no damage.
Jory is heavily damaged.
Jory is infused with unholy energy.
* * * LOW HITPOINT WARNING * * *
Jory draws life force from you and is healed!
You hit Jory. You burn Jory.
Jory is heavily damaged.
Jory hits you with a great sword of draining!
You die...

♣♣♣♣♣♣♣♣♣♣▓▓▓▓▓▓▓▓▓▓▓▓▓▓
......V@..)))...........
▓▓▓▓▓▓▓▓▓▓▓▓▓▓▓▓▓▓▓▓▓▓▓▓▓▓▓▓▓▓▓▓▓
..........'...."....=)))))...[[=[
▓▓▓▓▓▓▓▓▓▓▓▓▓▓▓▓▓▓▓▓▓▓▓▓▓▓▓▓▓▓▓▓▓
................................[
▓▓▓▓▓▓▓▓▓▓▓▓▓▓▓▓▓▓▓▓▓▓▓▓▓▓▓▓▓▓▓▓▓
..........(....)))(†)†[.......)..
▓▓▓▓▓▓▓▓▓▓▓▓▓▓▓▓▓▓▓▓▓▓▓▓▓▓▓▓▓▓▓▓▓
.................................


You could see Jory.

Vanquished Creatures
  Boris (D)
  Margery (D)
  Saint Roka (D)
  Rupert (D)
  Gastronok (D)
  A storm dragon (D)
  A thorn hunter (D)
  A tengu reaver (D)
  A vault warden (D)
  A fire giant (D)
  3 stone giants (D)
  2 very ugly things (D)
  Nessos (D)
  An entropy weaver (D)
  2 spark wasps (D)
  An ettin (D)
  Snorg (D)
  2 fire dragons (D)
  4 yaktaur captains (D)
  A great orb of eyes (D)
  4 ice dragons (D)
  2 hydras (D)
  A naga warrior (D)
  2 alligators (D)
  3 centaur warriors (D)
  2 anacondas (D)
  A ghost crab (D)
  A merfolk aquamancer (D)
  A merfolk avatar (D)
  A two-headed ogre (D)
  A deep troll shaman (D)
  A death knight (D)
  3 ogre magi (D)
  2 orc high priests (D)
  3 hell knights (D)
  A sea snake (D)
  A naga ritualist (D)
  A harpy (D)
  An orb spider (D)
  7 orc knights (D)
  A wizard (D)
  An ironbrand convoker (D)
  2 wolf spiders (D)
  4 orc sorcerers (D)
  A necromancer (D)
  2 mana vipers (D)
  A salamander (shapeshifter) (D)
  2 cyclopes (D)
  A manticore (D)
  3 ugly things (D)
  A moth of wrath (D)
  2 black mambas (D)
  2 vault sentinels (D)
  A naga mage (D)
  3 spiny frogs (D)
  3 komodo dragons (D)
  A yaktaur (D)
  3 polar bears (D)
  2 wind drakes (D)
  A merfolk (D)
  A jumping spider (D)
  2 tyrant leeches (D)
  A hornet (D)
  2 slime creatures (D)
  A hippogriff (D)
  2 blink frogs (D)
  A tarantella (D)
  A water elemental (D)
  2 redbacks (D)
  3 yaks (D)
  A vampire mosquito (D)
  2 water moccasins (D)
  2 acid dragons (D)
  A porcupine (D)
  An ice beast (D)
  11 orc warriors (D)
  An eye of draining (D)
  5 black bears (D)
  A crocodile (D)
  A centaur (D)
  4 bullfrogs (D)
  A big kobold (D)
  A scorpion (shapeshifter) (D)
  A scorpion (D)
  A hound (D)
  3 orc priests (D)
  3 orc wizards (D)
  A shadow imp (D)
  An adder zombie (D)
  A worm (D)
  A leopard gecko (D)
  16 orcs (D)
  A bat zombie (D)
  A hobgoblin (D)
  2 kobolds (D)
  A bat (D)
  A frilled lizard (D)
  2 giant cockroach zombies (D)
  A rat (D)
189 creatures vanquished.

Vanquished Creatures (others)
  A hydra (D)
  3 orcs (D)
4 creatures vanquished.

Grand Total: 193 creatures vanquished

Notes
Turn   | Place    | Note
-------+----------+-------------------------------------------
     0 | D        | Heofaku the Demonspawn Fighter began the quest for the Orb.
     0 | D        | Reached XP level 1. HP: 18/18 MP: 1/1
     6 | D        | Reached skill level 2 in Long Blades
    12 | D        | Reached skill level 3 in Long Blades
    75 | D        | Reached skill level 4 in Long Blades
    75 | D        | Gained mutation: You are partially covered in large bone plates. (SH +4) [demonic ancestry]
    75 | D        | Reached XP level 2. HP: 24/24 MP: 2/2
   118 | D        | Found a roughly hewn altar of Beogh.
   118 | D        | Found a snail-covered altar of Cheibriados.
   118 | D        | Found a shadowy altar of Dithmenos.
   118 | D        | Found a white marble altar of Elyvilon.
   118 | D        | Found a blossoming altar of Fedhas.
   118 | D        | Found an opulent altar of Gozag.
   119 | D        | Found a hazy altar of Hepliaklqana.
   120 | D        | Found a viscous altar of Jiyva.
   121 | D        | Found an ancient bone altar of Kikubaaqudgha.
   122 | D        | Found a corrupted altar of Lugonu.
   123 | D        | Found a burning altar of Makhleb.
   124 | D        | Found a sparkling altar of Nemelex Xobeh.
   125 | D        | Found an iron altar of Okawaru.
   126 | D        | Found a stormy altar of Qazlal.
   127 | D        | Found a sacrificial altar of Ru.
   128 | D        | Found a deep blue altar of Sif Muna.
   129 | D        | Found a bloodstained altar of Trog.
   130 | D        | Found a hide-covered altar of Uskayaw.
   131 | D        | Found a radiant altar of Vehumet.
   133 | D        | Became a worshipper of Makhleb the Destroyer
   135 | D        | Found an ornate altar of the Wu Jian Council.
   136 | D        | Found a shimmering altar of Xom.
   137 | D        | Found a basalt altar of Yredelemnul.
   138 | D        | Found a glowing silver altar of Zin.
   139 | D        | Found a glowing golden altar of the Shining One.
   192 | D        | Noticed a scorpion
   192 | D        | Noticed a centaur
   192 | D        | Noticed a big kobold
   192 | D        | Noticed an eye of draining
   192 | D        | Noticed a two-headed ogre
   195 | D        | Killed a scorpion
   195 | D        | Reached skill level 6 in Long Blades
   195 | D        | Reached XP level 3. HP: 21/30 MP: 0/3
   199 | D        | Killed a centaur
   199 | D        | Reached skill level 5 in Fighting
   199 | D        | Reached skill level 7 in Long Blades
   199 | D        | Gained mutation: When hurt, damage is shared between your health and your magic reserves. [demonic ancestry]
   199 | D        | Reached XP level 4. HP: 22/39 MP: 0/4
   199 | D        | Reached XP level 5. HP: 25/44 MP: 0/5
   203 | D        | Reached * piety under Makhleb
   203 | D        | Reached skill level 5 in Armour
   212 | D        | Reached skill level 8 in Long Blades
   216 | D        | Killed an eye of draining
   216 | D        | Reached skill level 9 in Long Blades
   216 | D        | Gained mutation: You have a pair of small horns on your head. [demonic ancestry]
   216 | D        | Reached XP level 6. HP: 37/53 MP: 0/9
   222 | D        | Killed a two-headed ogre
   222 | D        | Reached ** piety under Makhleb
   222 | D        | Reached skill level 11 in Long Blades
   222 | D        | Reached XP level 7. HP: 36/62 MP: 0/12
   313 | D        | Noticed a centaur warrior
   313 | D        | Noticed a cyclops
   319 | D        | Killed a centaur warrior
   319 | D        | Reached skill level 12 in Long Blades
   319 | D        | Reached XP level 8. HP: 68/69 MP: 10/14
   322 | D        | Reached skill level 13 in Long Blades
   333 | D        | Killed a cyclops
   333 | D        | Reached *** piety under Makhleb
   333 | D        | Gained mutation: Your flesh is heat resistant. (rF+) [demonic ancestry]
   333 | D        | Reached XP level 9. HP: 76/76 MP: 11/16
   465 | D        | Noticed an eight-headed hydra
   465 | D        | Noticed a komodo dragon
   475 | D        | Killed a three-headed hydra
   475 | D        | Reached **** piety under Makhleb
   475 | D        | Reached skill level 14 in Long Blades
   475 | D        | Reached skill level 10 in Invocations
   484 | D        | Noticed a spiny frog
   486 | D        | Reached ***** piety under Makhleb
   495 | D        | Killed a komodo dragon
   495 | D        | Reached skill level 15 in Long Blades
   506 | D        | Reached skill level 5 in Shields
   506 | D        | Gained mutation: You are mostly covered in large bone plates. (SH +6) [demonic ancestry]
   506 | D        | Reached XP level 10. HP: 78/85 MP: 7/18
   513 | D        | Killed a spiny frog
   583 | D        | Noticed a spiny frog
   593 | D        | Noticed a spiny frog
   599 | D        | Reached skill level 10 in Fighting
   610 | D        | Killed a spiny frog
   631 | D        | Reached ****** piety under Makhleb
   641 | D        | Killed a spiny frog
   977 | D        | Reached skill level 16 in Long Blades
  1082 | D        | Noticed Gastronok
  1094 | D        | Killed Gastronok
  1094 | D        | Reached skill level 1 in Dodging
  1094 | D        | Reached XP level 11. HP: 93/93 MP: 20/20
  1210 | D        | Noticed an orc high priest
  1242 | D        | Noticed an orc high priest
  1245 | D        | Noticed an orc knight
  1249 | D        | Killed an orc high priest
  1249 | D        | Reached skill level 10 in Armour
  1287 | D        | Killed an orc high priest
  1287 | D        | Reached skill level 10 in Shields
  1306 | D        | Killed an orc knight
  1584 | D        | Found Lidappue's Weapon Emporium.
  1584 | D        | Noticed an orc sorcerer
  1584 | D        | Noticed an orc sorcerer
  1588 | D        | Noticed an orc sorcerer
  1589 | D        | Killed an orc sorcerer
  1593 | D        | Killed an orc sorcerer
  1593 | D        | Reached skill level 17 in Long Blades
  1598 | D        | Found Fiuzxeby's Gadget Shoppe.
  1607 | D        | Killed an orc sorcerer
  1611 | D        | Found Fangih's Antique Armour Emporium.
  1614 | D        | Found Kaniwy's Gadget Shoppe.
  1617 | D        | Noticed an orc sorcerer
  1619 | D        | Noticed an orc knight
  1620 | D        | Noticed an orc knight
  1621 | D        | Paralysed by an orc sorcerer for 4 turns
  1629 | D        | Killed an orc sorcerer
  1632 | D        | Killed an orc knight
  1647 | D        | Killed an orc knight
  1688 | D        | Bought a crude plate armour for 700 gold pieces
  1698 | D        | Identified the +10 plate armour "Zorph" {*Slow MR+ Str+3 Slay+5} (You bought it in a shop in the Dungeon)
  1856 | D        | Noticed a death knight
  1864 | D        | Killed a death knight
  1873 | D        | Noticed an ice dragon
  1876 | D        | Noticed a great orb of eyes
  1879 | D        | Noticed a stone giant
  1885 | D        | Noticed a deep troll shaman
  1885 | D        | Killed an ice dragon
  1886 | D        | Noticed a cyan ugly thing
  1888 | D        | Noticed a white very ugly thing
  1888 | D        | Killed a great orb of eyes
  1888 | D        | Reached skill level 18 in Long Blades
  1888 | D        | Reached XP level 12. HP: 103/103 MP: 15/22
  1889 | D        | Noticed an ice dragon
  1899 | D        | Killed a stone giant
  1921 | D        | Killed a purple very ugly thing
  1925 | D        | Killed a deep troll shaman
  1938 | D        | Killed an ice dragon
  2215 | D        | Noticed a merfolk avatar
  2219 | D        | Noticed a merfolk aquamancer
  2243 | D        | Reached skill level 19 in Long Blades
  2249 | D        | Killed a merfolk avatar
  2253 | D        | Killed a merfolk aquamancer
  2310 | D        | Noticed an eight-headed hydra
  2310 | D        | Noticed an alligator
  2310 | D        | Noticed a four-headed hydra
  2310 | D        | Noticed a thorn hunter
  2314 | D        | Noticed an alligator
  2319 | D        | Noticed a ghost crab
  2320 | D        | Killed a four-headed hydra
  2328 | D        | Killed an alligator
  2330 | D        | Killed a three-headed hydra
  2336 | D        | Killed a thorn hunter
  2339 | D        | Killed an alligator
  2351 | D        | Killed a ghost crab
  2353 | D        | Gained mutation: You regenerate magic rapidly. [demonic ancestry]
  2353 | D        | Reached XP level 13. HP: 114/114 MP: 16/23
  2556 | D        | Noticed a spark wasp
  2558 | D        | Noticed a spark wasp
  2586 | D        | Killed a spark wasp
  2594 | D        | Killed a spark wasp
  2699 | D        | Reached skill level 15 in Fighting
  2699 | D        | Reached skill level 20 in Long Blades
  2763 | D        | Noticed Saint Roka
  2791 | D        | Killed Saint Roka
  2829 | D        | Noticed Rupert
  2845 | D        | Killed Rupert
  2845 | D        | Reached skill level 15 in Shields
  2903 | D        | Noticed a tengu reaver
  2903 | D        | Noticed a fire dragon
  2903 | D        | Noticed an ettin
  2903 | D        | Noticed a stone giant
  2916 | D        | Killed a tengu reaver
  2916 | D        | Reached skill level 21 in Long Blades
  2917 | D        | Noticed a fire giant
  2925 | D        | Noticed a storm dragon
  2927 | D        | Noticed a fire dragon
  2931 | D        | Killed a fire dragon
  2944 | D        | Killed a stone giant
  2950 | D        | Killed a fire giant
  2950 | D        | Reached XP level 14. HP: 123/126 MP: 15/24
  2973 | D        | Killed a storm dragon
  2998 | D        | Noticed a green very ugly thing
  3001 | D        | Noticed a stone giant
  3015 | D        | Killed a green very ugly thing
  3022 | D        | Killed a stone giant
  3212 | D        | Reached skill level 22 in Long Blades
  3236 | D        | Noticed a vault warden
  3261 | D        | Killed a vault warden
  3283 | D        | Noticed an entropy weaver
  3333 | D        | Killed an entropy weaver
  3426 | D        | Noticed Nessos
  3448 | D        | Killed Nessos
  3498 | D        | Noticed Boris
  3516 | D        | Killed Boris
  3516 | D        | Reached skill level 23 in Long Blades
  3869 | D        | Got the +0 cloak of Ethics {rF+ MR+ Dex+4 Stlth+}
  3972 | D        | Noticed Margery
  4000 | D        | Killed Margery
  4000 | D        | Reached skill level 15 in Armour
  4000 | D        | Gained mutation: You have a pair of horns on your head. [demonic ancestry]
  4000 | D        | Reached XP level 15. HP: 112/138 MP: 14/25
  4002 | D        | Noticed Snorg
  4018 | D        | Killed Snorg
  4094 | D        | Noticed Jory
  4142 | D        | HP: 6/139 [Jory/vampiric draining (21)]
  4158 | D        | HP: 3/139 [Jory/vampiric draining (28)]
  4159 | D        | Mangled by Jory

Vault maps used:
D:        linesprint

Skill      XL: |  1  2  3  4  5  6  7  8  9 10 11 12 13 14 15 |
---------------+----------------------------------------------+-----
Long Blades    | 4 6 7 9 11 12 13 15 16 18 19 21 23 | 23.4
Fighting       | 4 5 6 8 9 11 12 14 16 18 19 | 19.0
Armour         | 3 4 5 7 8 9 11 12 13 15 | 15.2
Invocations    | 4 7 9 10 12 13 | 13.3
Shields        | 5 8 11 13 15 18 | 18.6
Dodging        | 1 2 4 |  4.5

Action                   |  1- 3 |  4- 6 |  7- 9 | 10-12 | 13-15 || total
-------------------------+-------+-------+-------+-------+-------++-------
Melee: Long sword        |    27 |       |       |       |       ||    27
       Scimitar          |     6 |    21 |    63 |   422 |   500 ||  1012
       Headbutt          |       |     4 |    23 |   119 |   188 ||   334
  Use: Potion            |     1 |     1 |       |     1 |     5 ||     8
       Scroll            |       |       |       |     1 |       ||     1
  Eat: Chunk             |       |       |       |     4 |     1 ||     5
       Fruit             |       |       |       |     2 |       ||     2
       Bread ration      |       |       |       |       |     1 ||     1
Armor: Scale mail        |     8 |       |       |       |       ||     8
       Plate armour      |     2 |     6 |    21 |   128 |   100 ||   257
Dodge: Dodged            |    12 |     2 |     7 |    51 |    55 ||   127
Block: Shield            |    16 |    11 |    33 |   255 |   318 ||   633
       Rpst.: Long sword |     7 |       |       |       |       ||     7
       Scimitar          |       |     1 |     4 |    12 |    12 ||    29
